[Event "Live Chess"]
[Site "Chess.com"]
[Date "2023.09.16"]
[Round "-"]
[White "Ggavioli"]
[Black "daniel-drummond"]
[Result "0-1"]
[WhiteElo "1553"]
[BlackElo "1550"]
[TimeControl "900+5"]
[EndTime "6:58:41 PDT"]
[Termination "daniel-drummond venceu por tempo"]

1. e4 e5 2. Nf3 Nc6 3. Bb5 a6 4. Bxc6 dxc6 5. Nc3 Nf6 6. Nxe5 Bd6 7. Nf3 Bg4 8. h3 Bh5 9. d3 Qe7 10. Bg5 h6 11. Bxf6 Qxf6 12. e5 Bxe5 13. Ne4 Qe7 14. c3 f5 15. g4 fxe4 16. gxh5 exf3 17. Qxf3 Rf8 18. Qe4 O-O-O 19. f3 Rde8 20. Qg4+ Kb8 21. O-O-O Rf4 22. Qg2 Bf6 23. Qg3 Bg5 24. Kb1 Qf7 25. Rde1 Rxe1+ 26. Rxe1 Rxf3 27. Qe5 Rxd3 28. Qe4 Rxh3 29.
Qg2 Qf5+ 30. Ka1 Rxh5 31. Qg1 b6 32. a3 Bf6 33. Qe3 Qd5 34. c4 Qe5 35. Qd2 Qh2 36. Qb4 a5 37. Qb3 a4 38. Qb4 c5 39. Qb5 Kb7 40. Ka2 c6 41. Re7+ Bxe7 42. Qxa4 Bf6 43. Qb3 Rh3 44. Kb1 Rxb3 45. Kc1 Qxb2+ 46. Kd1 Rh3 0-1

[Event "Live Chess"]
[Site "Chess.com"]
[Date "2023.09.16"]
[Round "-"]
[White "gu1c0rrea"]
[Black "migu345"]
[Result "1-0"]
[WhiteElo "835"]
[BlackElo "992"]
[TimeControl "900+5"]
[EndTime "6:58:43 PDT"]
[Termination "gu1c0rrea venceu por desistência"]

1. e4 e6 2. d4 d5 3. Nc3 c5 4. Be3 Nc6 5. exd5 exd5 6. dxc5 Nf6 7. Bb5 Bf5 8. Nf3 a6 9. Bxc6+ bxc6 10. Ne5 Qa5 11. Nxc6 Qc7 12. Nb4 Bxc5 13. Bxc5 Qxc5 14. Nd3 Bxd3 15. Qxd3 O-O 16. O-O Rfd8 17. Rfe1 d4 18.
Ne4 Nxe4 19. Rxe4 Rab8 20. Qxa6 Rxb2 21. Rae1 h6 22. Qd3 Rxc2 23. Re8+ Rxe8 24. Rxe8+ 1-0

[Event "Live Chess"]
[Site "Chess.com"]
[Date "2023.09.16"]
[Round "-"]
[White "Mozart5501"]
[Black "Francisco_Ferrari"]
[Result "0-1"]
[WhiteElo "1794"]
[BlackElo "2172"]
[TimeControl "900+5"]
[EndTime "6:59:45 PDT"]
[Termination "Francisco_Ferrari venceu por desistência"]

1. e4 c5 2. Nf3 d6 3. d4 cxd4 4.
Nxd4 Nf6 5. Nc3 a6 6. Bc4 e6 7.
Bb3 b5 8. O-O Be7 9. Re1 O-O 10.
a3 Bb7 11. Kh1 Nbd7 12. f4 Nc5 13. Qf3 Qc7 14. Ba2 Rac8 15. Bd2 Ncd7 16. Rac1 Nb6 17. Qh3 Nc4 18. Bxc4 Qxc4 19. Qe3 Ng4 20. b3 Nxe3 21. bxc4 Nxc4 22. Be3 Nxa3 23. Bd2 Nc4 24. Nb1 Bf6 25.
Nb3 Nxd2 26. N1xd2 Bc3 27. Re2 a5 28. Rb1 a4 29.
Nc1 b4 30. Na2 Ba6 31. Rf2 Bd4 32. Rf3 Rxc2 0-1

[Event "Live Chess"]
[Site "Chess.com"]
[Date "2023.09.16"]
[Round "-"]
[White "Froidastics"]
[Black "P3treis"]
[Result "1-0"]
[WhiteElo "1974"]
[BlackElo "915"]
[TimeControl "900+5"]
[EndTime "7:01:02 PDT"]
[Termination "Froidastics venceu por xeque-mate"]

1. e4 c5 2. Nf3 d6 3. d4 cxd4 4.
Nxd4 Nf6 5. Nc3 e6 6. Be3 Be7 7. f3 Nc6 8. Qd2 a6 9. g4 Nxd4 10. Bxd4 e5 11. Be3 b5 12. O-O-O Bd7 13. h4 b4 14. Nd5 Nxd5 15. exd5 Qa5 16. Kb1 Bd8 17. f4 b3 18. cxb3 Qxd2 19. Rxd2 a5 20. f5 a4 21. bxa4 Bxa4 22. Bd3 Ba5 23. Rg2 Rb8 24. g5 Bc3 25.
b3 Rb4 26. Kc2 Bd4 27. Bxd4 Rxd4 28. bxa4 O-O 29. Rg3 Rc8+ 30. Kd2 Rxa4 31. Bb1 Rd4+ 32. Rd3 Rg4 33. Re3 Rg2+ 34. Re2 Rg4 35. Rc1 Rd4+ 36. Bd3 Ra8 37. Rc2 Rxh4 38. Re4 Rh2+ 39. Be2 Rh5 40. Rec4 Kf8 41. Bxh5 g6 42. Rc8+ Rxc8 43. Rxc8+ Ke7 44. f6+ Kd7 45. Bg4# 1-0

[Event "Live Chess"]
[Site "Chess.com"]
[Date "2023.09.16"]
[Round "-"]
[White "mary260210"]
[Black "Edson_Zarnelli"]
[Result "1-0"]
[WhiteElo "860"]
[BlackElo "754"]
[TimeControl "900+5"]
[EndTime "7:02:22 PDT"]
[Termination "mary260210 venceu por desistência"]

1. d4 d5 2. Nc3 Nf6 3. Nf3 Nc6 4. Bg5 Ne4 5. Nxe4 dxe4 6. Ne5 Nxe5 7. dxe5 Bf5 8. Qd2 f6 9. Bf4 Qd7 10. exf6 exf6 11. O-O-O Qxd2+ 12. Rxd2 Bb4 13. Rd4 Bc5 14. Rd5 g5 15. Bxc7 Rc8 16. Rxc5 Bd7 17. f3 b6 18. Rc3 exf3 19. exf3 g4 20. fxg4 Bxg4 21. Ba6 Rxc7 22.
Rxc7 Kd8 23. Rxa7 Bc8 24. Bxc8 Kxc8 25. Ra6 1-0

[Event "Live Chess"]
[Site "Chess.com"]
[Date "2023.09.16"]
[Round "-"]
[White "KauaShelby015"]
[Black "lucasbezerraja"]
[Result "1/2-1/2"]
[WhiteElo "1268"]
[BlackElo "1804"]
[TimeControl "900+5"]
[EndTime "7:02:55 PDT"]
[Termination "Partida empatada por acordo"]

1. e4 c5 2. Nf3 d6 3. d4 cxd4 4. Nxd4 Nf6 5. Nc3 g6 6. Be3 Bg7 7. Qd2 O-O 8. Bh6 Qb6 9. Bxg7 Kxg7 10. O-O-O Nbd7 11. f4 Nc5 12. e5 Nfe4 13. Nxe4 Nxe4 14. Qe3 d5 15. h4 Bg4 16. Rd3 Nc5 17. Rc3 Rac8 18. Bd3 Nxd3+ 19. Rxd3 Rc4 20. b3 Rc7 21. Rc3 Rfc8 22. Rxc7 Rxc7 23. Kb2 Kg8 24. Re1 Qc5 25. g3 Bf5 26. Qd2 1/2-1/2

[Event "Live Chess"]
[Site "Chess.com"]
[Date "2023.09.16"]
[Round "-"]
[White "Mika635Isa"]
[Black "Abofado"]
[Result "1-0"]
[WhiteElo "532"]
[BlackElo "582"]
[TimeControl "900+5"]
[EndTime "7:03:23 PDT"]
[Termination "Mika635Isa venceu por xeque-mate"]

1. e4 c6 2. d4 d5 3. Nc3 dxe4 4. Nxe4 e5 5. c3 exd4 6. cxd4 Nf6 7. Bg5 h6 8. Bxf6 gxf6 9. Nf3 f5 10. Nc3 f4 11. Bc4 Bg4 12. O-O Bxf3 13. Qxf3 Nd7 14. Qxf4 Nf6 15. Ne4 Qxd4 16. Rac1 Nxe4 17. Rfe1 Qxf2+ 18. Qxf2 O-O-O 19. Rxe4 b6 20. Bxf7 Bb4 21. Rxb4 Rhf8 22.
Qg3 Rxf7 23. Qg4+ Kb8 24. h3 c5 25. Re4 Rh7 26. Qg6 Rdh8 27. Re8+ Rxe8 28. Qxe8+ Kb7 29.
Re1 Rc7 30. Re7 Rxe7 31. Qxe7+ Ka6 32. g4 Kb5 33. h4 Kc4 34. g5 hxg5 35. hxg5 Kd3 36.
Qxa7 c4 37. Qxb6 Kc2 38. b3 c3 39. Qf2+ Kb1 40. g6 c2 41. Qxc2+ Kxc2 42. g7 Kb2 43. g8=Q Kxa2 44. Qg2+ Kxb3 45. Kf1 Kc4 46. Ke2 Kd4 47. Qf3 Kc4 48. Ke3 Kc3 49. Qe4 Kb3 50. Kd4 Kb2 51. Qd3 Kc1 52. Qe3+ Kc2 53. Qe4+ Kb3 54. Kd3 Kb2 55.
Kc4 Kc1 56. Kc3 Kd1 57. Qc2+ Ke1 58. Kd3 Kf1 59. Ke3 Ke1 60. Qe2# 1-0

[Event "Live Chess"]
[Site "Chess.com"]
[Date "2023.09.16"]
[Round "-"]
[White "abaakate"]
[Black "xadrecarloso"]
[Result "0-1"]
[WhiteElo "1916"]
[BlackElo "957"]
[TimeControl "900+5"]
[EndTime "7:03:33 PDT"]
[Termination "xadrecarloso venceu por xeque-mate"]

1. d4 d6 2. c4 c5 3. dxc5 dxc5 4. Qxd8+ Kxd8 5. Nf3 Nc6 6. Ng5 Ke8 7. Nc3 Bf5 8. Nd5 Rc8 9. e4 Nd4 10. exf5 Nc2+ 11.
Kd2 Nxa1 12. b3 Rd8 13. Kc3 h6 14.
Nc7+ Kd7 15. Nxf7 Kxc7 16. Nxh8 g6 17. Nxg6 Bg7+ 18. Ne5 Bxe5# 0-1

[Event "Live Chess"]
[Site "Chess.com"]
[Date "2023.09.16"]
[Round "-"]
[White "Giulliajapa007"]
[Black "zezemito921"]
[Result "0-1"]
[WhiteElo "984"]
[BlackElo "917"]
[TimeControl "900+5"]
[EndTime "7:03:57 PDT"]
[Termination "zezemito921 venceu por xeque-mate"]

1. e4 e5 2. Nf3 Nc6 3. Bb5 d6 4. Bxc6+ bxc6 5. h3 Nf6 6. Nc3 d5 7. Nxe5 dxe4 8. Nxc6 Qd7 9. Ne5 Qe6 10. d4 Bd6 11. Bf4 O-O 12. d5 Qf5 13. g3 Bxe5 14. Bxe5 Qxe5 15. Qd2 Rb8 16. O-O-O Rd8 17. Qd4 Qxd4 18. Rxd4 Bb7 19. Rhd1 c5 20. Rc4 Bxd5 21.
Nxd5 Nxd5 22. Rxe4 Nb4 23. Rxd8+ Rxd8 24. c3 Nxa2+ 25.
Kc2 f5 26. Ra4 Nxc3 27. Kxc3 Re8 28. g4 fxg4 29. hxg4 Re2 30. f4 Re3+ 31. Kc4 Re4+ 32. Kb5 Rxa4 33. Kxa4 Kf7 34. Kb5 Kf6 35. Kxc5 g5 36. f5 h5 37. gxh5 Kxf5 38. b4 g4 39. Kc6 g3 40. Kb7 g2 41. Kxa7 g1=Q+ 42. Ka6 Qg5 43. b5 Qxh5 44. b6 Qg6 45. Ka7 Ke5 46. b7 Qf7 47. Ka8 Qa2+ 48. Kb8 Kd6 49. Kc8 Qc2+ 50. Kb8 Qc7+ 51. Ka7 Qc5+ 52. Ka8 Qa5+ 53. Kb8 Qc7+ 54. Ka7 Qc5+ 55. Ka8 Qa5+ 56. Kb8 Kc6 57. Kc8 Qc7# 0-1

[Event "Live Chess"]
[Site "Chess.com"]
[Date "2023.09.16"]
[Round "-"]
[White "AnthonyGabriel1"]
[Black "Riquelme_Leonardo"]
[Result "1-0"]
[WhiteElo "2182"]
[BlackElo "1683"]
[TimeControl "900+5"]
[EndTime "7:03:59 PDT"]
[Termination "AnthonyGabriel1 venceu por desistência"]

1. e4 e5 2. f4 exf4 3. Nf3 g5 4. Bc4 Bg7 5. O-O d6 6. g3 fxg3 7.
d4 gxh2+ 8. Kg2 g4 9. Ng5 Be6 10. Nxf7 Qh4 11. Bxe6 Qh3+ 12. Kh1 Bxd4 13. Bxg4 Qg3 14.
Qxd4 Qxg4 15. Nxh8 Qe2 16. Qd3 1-0

[Event "Live Chess"]
[Site "Chess.com"]
[Date "2023.09.16"]
[Round "-"]
[White "z_anne_ari"]
[Black "MateusLuan08"]
[Result "0-1"]
[WhiteElo "1276"]
[BlackElo "1568"]
[TimeControl "900+5"]
[EndTime "7:04:43 PDT"]
[Termination "MateusLuan08 venceu por desistência"]

1. d4 Nf6 2. e3 g6 3. Bd3 Bg7 4. Nd2 O-O 5. f4 d5 6. Ngf3 Nc6 7. c3 a6 8. O-O Bg4 9. a4 Qd7 10. Qe1 Bf5 11. e4 dxe4 12. Nxe4 Nxe4 13. Bxe4 Bxe4 14. Qxe4 Rfe8 15. Ng5 Rad8 16. f5 Qd5 17. Qh4 h5 18. fxg6 fxg6 19. Nf7 Bf6 20. Nh6+ Kh7 21. Rxf6 exf6 22. Qxf6 Rf8 23. Qg5 Qxg5 24. Bxg5 Rd5 25. Bd2 g5 26. c4 Rxd4 27. Bxg5 Rxc4 28. b3 Rb4 29. Rb1 b5 30. axb5 Rxb5 31. Bd2 Rd5 32. Be3 Re5 33. Bd2 Re6 34. b4 Rxh6 35. Bxh6 Kxh6 36.
b5 axb5 37. Rxb5 Rb8 38. Rf5 Rb6 39. h3 Nd4 40. Rf2 c5 41. g4 hxg4 42. hxg4 Kg5 43. Rg2 c4 44. Kf2 Rb2+ 45. Kg3 Rxg2+ 46. Kxg2 c3 47.
Kf2 c2 48. Ke3 c1=Q+ 0-1

[Event "Live Chess"]
[Site "Chess.com"]
[Date "2023.09.16"]
[Round "-"]
[White "kslusk"]
[Black "NavarroChess09"]
[Result "0-1"]
[WhiteElo "848"]
[BlackElo "1339"]
[TimeControl "900+5"]
[EndTime "7:04:51 PDT"]
[Termination "NavarroChess09 venceu por desistência"]

1. e4 d5 2. exd5 Qxd5 3. Nc3 Qe6+ 4. Qe2 Nf6 5. Qxe6 Bxe6 6. Nf3 Nc6 7. Bb5 O-O-O 8.
Bxc6 bxc6 9. O-O g6 10. d3 Bg7 11. Ne5 Kb7 12. Na4 Rd5 13. Re1 c5 14. c4 Rd6 15.
Nxc5+ Kb6 16. Nxe6 Rxe6 17. Be3+ Kb7 18. Bg5 Nh5 19.
Nf3 Bxb2 20. Rab1 Rb6 21. Be3 Rb4 22. a3 Bxa3 23. Rxb4+ Bxb4 24. Rb1 a5 25. Bd2 c5 26. Bxb4 axb4 27. Ng5 f6 28. Ne4 Kc6 29. Kf1 Rd8 30. Ke2 Nf4+ 31. Ke3 Nxd3 32. Rd1 f5 33. Ng5 h6 34. Nf3 f4+ 35. Ke4 Nxf2+ 0-1

[Event "Live Chess"]
[Site "Chess.com"]
[Date "2023.09.16"]
[Round "-"]
[White "Riquelme_Leonardo"]
[Black "zezemito921"]
[Result "1-0"]
[WhiteElo "1683"]
[BlackElo "917"]
[TimeControl "900+5"]
[EndTime "7:05:08 PDT"]
[Termination "Riquelme_Leonardo venceu por desistência"]

1. e4 e5 2. Nf3 Nc6 3. Bc4 Nf6 4.
O-O Nxe4 5. Re1 Nf6 6. Nxe5 Bd6 7.
Nxc6+ Qe7 8. Nxe7 Kd8 9. Nxc8 Kxc8 10. Bxf7 Rb8 11. Qe2 1-0

[Event "Live Chess"]
[Site "Chess.com"]
[Date "2023.09.16"]
[Round "-"]
[White "Du_Felix"]
[Black "andre2873"]
[Result "1-0"]
[WhiteElo "1932"]
[BlackElo "634"]
[TimeControl "900+5"]
[EndTime "7:05:20 PDT"]
[Termination "Du_Felix venceu por tempo"]

1. e4 e5 2. Nf3 Nc6 3. Bb5 d6 4. O-O Bd7 5. c3 a6 6. Ba4 b5 7.
Bb3 g6 8. d4 Bg7 9. Bg5 Nge7 10.
d5 Na5 11. Bc2 h6 12. Be3 f6 13. Nbd2 Nb7 14. Nh4 O-O 15. f4 f5 16. fxe5 dxe5 17.
Ndf3 Nd6 18. Qd2 f4 19. Bf2 g5 20. Nf5 Nexf5 21. exf5 Bxf5 22. Rfe1 Re8 23. Bc5 Qf6 24. a4 Rab8 25. Bxf5 Qxf5 26. Bxd6 cxd6 27. axb5 axb5 28.
Ra6 Qf6 29. Rea1 Bf8 30. Ra7 g4 31. Qc2 Re7 32. Ne1 Rbb7 33. Ra8 h5 34. Nd3 h4 35.
Nb4 h3 36. Nc6 Rh7 37. Nd8 Rbg7 38. Ne6 Rf7 39. Rb8 g3 40. Raa8 1-0

[Event "Live Chess"]
[Site "Chess.com"]
[Date "2023.09.16"]
[Round "-"]
[White "Edson_Zarnelli"]
[Black "P3treis"]
[Result "1-0"]
[WhiteElo "765"]
[BlackElo "904"]
[TimeControl "900+5"]
[EndTime "7:05:42 PDT"]
[Termination "Edson_Zarnelli venceu por desistência"]

1. e4 c5 2. c3 d5 3. d4 dxe4 4. dxc5 Qd2+ 5. Qxd2 Nc6 6. Qd5 f5 7. f3 e6 8. Qc4 Ne5 9. Qb5+ Bd7 10. Qxb7 exf3 11. gxf3 1-0

[Event "Live Chess"]
[Site "Chess.com"]
[Date "2023.09.16"]
[Round "-"]
[White "daniel-drummond"]
[Black "migu345"]
[Result "1-0"]
[WhiteElo "1551"]
[BlackElo "991"]
[TimeControl "900+5"]
[EndTime "7:06:04 PDT"]
[Termination "daniel-drummond venceu por desistência"]

1. e4 e6 2. d4 d5 3. e5 c5 4. c3 Nc6 5. Nf3 Qb6 6. a3 Nge7 7. b4 cxb4 8. cxb4 Nf5 9. Bb2 Be7 10. Be2 O-O 11.
O-O Bd7 12. Qd3 Na5 13. Nbd2 Rac8 14. Rfb1 Nc4 15. Nxc4 Rxc4 16. g4 Nh4 17. Nxh4 Bxh4 18.
Bd1 Bb5 19. Bc2 Rfc8 20. Qxh7+ Kf8 21. Qh8+ Ke7 22. Qxh4+ f6 23. exf6+ gxf6 24. Qh7+ Kd6 25. Bb3 R4c7 26. Qh3 Be2 27. a4 Rg8 28. Qg3+ Kd7 29.
f3 Bc4 30. Bxc4 Rxc4 31. b5 Rxd4 32. Bxd4 Qxd4+ 33. Kg2 Qd2+ 34. Qf2 1-0

[Event "Live Chess"]
[Site "Chess.com"]
[Date "2023.09.16"]
[Round "-"]
[White "Ggavioli"]
[Black "gu1c0rrea"]
[Result "1-0"]
[WhiteElo "1553"]
[BlackElo "834"]
[TimeControl "900+5"]
[EndTime "7:06:05 PDT"]
[Termination "Ggavioli venceu por desistência"]

1. e4 e5 2. Nf3 Nc6 3. Bb5 a6 4. Bxc6 dxc6 5. Nc3 Bg4 6. h3 Bh5 7. d3 Bb4 8. Bd2 Nf6 9. a3 Ba5 10. Qe2 b5 11. g4 Bg6 12. Nxe5 h5 13. Nxc6 Qd6 14.
Nxa5 Qb6 15. Nd5 Nxd5 16. exd5+ Kd7 17. O-O-O Rae8 18. Qf3 hxg4 19. Qxg4+ Kd8 20. Nc6+ Qxc6 21. dxc6 Bh5 1-0

[Event "Live Chess"]
[Site "Chess.com"]
[Date "2023.09.16"]
[Round "-"]
[White "InfinityDelas"]
[Black "maylso"]
[Result "1-0"]
[WhiteElo "763"]
[BlackElo "1432"]
[TimeControl "900+5"]
[EndTime "7:06:18 PDT"]
[Termination "InfinityDelas venceu por desistência"]

1. e4 e5 2. f4 exf4 3. d3 Qh4+ 4. g3 fxg3 5. Nf3 g2+ 6. Nxh4 gxh1=Q 7. Qe2 Qg1 8. Bf4 Qb6 9. b3 Bc5 10. Nd2 Nf6 11. Nc4 Qb4+ 12. Nd2 d6 13. Nf5 Rg8 14. e5 dxe5 15. Bxe5 Be6 16. Bxc7 Nc6 17. Bh3 Nd5 18. a3 Qc3 19. Rc1 Qf6 20. Ne4 Qg6 21. Nxc5 Nc3 22. Qe3 Rc8 23. Nd6+ Kf8 24. Nxc8 Bxh3 25. Qxh3 Qg1+ 26.
Kd2 Qxc5 27. Bd6+ Qxd6 28. Nxd6 1-0

[Event "Live Chess"]
[Site "Chess.com"]
[Date "2023.09.16"]
[Round "-"]
[White "KiwiDoFbi"]
[Black "AlphaKaua10"]
[Result "1/2-1/2"]
[WhiteElo "1265"]
[BlackElo "1099"]
[TimeControl "900+5"]
[EndTime "7:06:25 PDT"]
[Termination "Partida empatada por acordo"]

1. e4 c5 2. Nf3 g6 3. d4 cxd4 4.
Nxd4 Bg7 5. Nc3 Qb6 6. Nb3 Nf6 7. Be3 Qc6 8. Bb5 Qd6 9. Qxd6 exd6 10. O-O-O O-O 11. Rxd6 Ne8 12. Rdd1 Bxc3 13. bxc3 a6 14. Bc4 d6 15. Bh6 Ng7 16. Rxd6 Nc6 17. Nd4 Nxd4 18.
cxd4 Be6 19. Bxe6 fxe6 20. Rd7 Rf7 21. Rxf7 Kxf7 22. Bxg7 Kxg7 23. f4 Rf8 24. g3 b5 25.
h4 a5 26. Kd2 b4 27. Rb1 h6 28. Rf1 a4 29. g4 g5 30. hxg5 hxg5 31. f5 exf5 32.
exf5 Rd8 33. Kd3 Rc8 34. Rb1 Rc3+ 35. Kd2 Rg3 36. Rxb4 Rxg4 37. Rxa4 Rf4 38. Ke3 Kf6 39. Ra5 Rh4 40. c4 g4 41. c5 g3 42. c6 g2 43. Kf2 Rg4 44. Kg1 Ke7 45. Re5+ Kd6 46. Re6+ Kc7 47. d5 Rd4 48. f6 Rxd5 49. f7 Rf5 50.
Kxg2 Rxf7 1/2-1/2

[Event "Live Chess"]
[Site "Chess.com"]
[Date "2023.09.16"]
[Round "-"]
[White "KauaShelby015"]
[Black "Abofado"]
[Result "1-0"]
[WhiteElo "1268"]
[BlackElo "582"]
[TimeControl "900+5"]
[EndTime "7:07:27 PDT"]
[Termination "KauaShelby015 venceu por desistência"]

1. e4 c6 2. Nf3 Na6 3. Nc3 d5 4. d4 dxe4 5. Nxe4 e5 6. Nxe5 f6 7.
Qh5+ g6 8. Nxg6 hxg6 9. Qxh8 f5 10. Nc3 c5 11. d5 c4 12. Bxc4 Bc5 13. Qxg8+ Bf8 14. O-O Qd6 15. Re1+ Kd8 16. Bg5+ Kc7 17. Nb5+ Kb6 18. Nxd6 1-0

[Event "Live Chess"]
[Site "Chess.com"]
[Date "2023.09.16"]
[Round "-"]
[White "ArthurMPRJ"]
[Black "GabrielGGCF"]
[Result "1-0"]
[WhiteElo "1386"]
[BlackElo "1419"]
[TimeControl "900+5"]
[EndTime "7:07:39 PDT"]
[Termination "ArthurMPRJ venceu por desistência"]

1. d4 d5 2. c4 c6 3. Nf3 Nf6 4.
e3 Bf5 5. Nc3 e6 6. Bd3 Bxd3 7.
Qxd3 Bb4 8. O-O O-O 9. a3 Ba5 10. b4 Bc7 11. e4 h6 12. Bb2 Ng4 13. e5 h5 14. h3 Nh6 15. Rac1 f6 16. Rfe1 fxe5 17.
Nxe5 Qf6 18. Rc2 Bxe5 19. Rxe5 Nf5 20. Rce2 Re8 21. Rxf5 Qxf5 22. Qxf5 exf5 23. Rxe8+ Kf7 24. Rc8 dxc4 25. Na4 Ke7 26. Nc5 b6 27. Na6 Kd7 28. Rxb8 Rxb8 29. Nxb8+ Kc7 30. Na6+ Kb7 31. b5 cxb5 32.
Nb4 a5 33. Nc2 Kc6 34. Kf1 Kd5 35. f3 b4 36. axb4 axb4 37. Nxb4+ Kd6 38. Ke2 b5 39.
Ke3 g5 40. h4 g4 41. Kf4 Ke6 42. d5+ Kd6 43. Bd4 Kd7 44. Kxf5 Ke7 45. fxg4 hxg4 46. h5 1-0

[Event "Live Chess"]
[Site "Chess.com"]
[Date "2023.09.16"]
[Round "-"]
[White "vitinho_lawliet"]
[Black "Samueeeseeel"]
[Result "0-1"]
[WhiteElo "934"]
[BlackElo "897"]
[TimeControl "900+5"]
[EndTime "7:08:10 PDT"]
[Termination "Samueeeseeel venceu por xeque-mate"]

1. e4 c5 2. Nf3 Nc6 3. Nc3 e5 4. Bc4 g6 5. d3 f6 6. O-O Nge7 7.
Na4 d6 8. Bb5 Bg7 9. Bxc6+ Nxc6 10. Nc3 Be6 11. Be3 O-O 12. Nd5 Bxd5 13. exd5 Nd4 14. Bxd4 cxd4 15. a4 Qd7 16. h3 Qf7 17. Nd2 Qxd5 18. Ne4 b6 19. g4 a6 20. c3 b5 21.
cxd4 Qxd4 22. axb5 axb5 23. Rxa8 Rxa8 24. Qb3+ d5 25.
Nd6 b4 26. Nb5 Qc5 27. h4 Qxb5 28. g5 f5 29. f4 e4 30. Rd1 Bd4+ 31. Kg2 e3 32. Kf3 Re8 33. Ke2 Bb6 34. Rf1 Re7 35.
Rf3 Re8 36. Rg3 Bd4 37. Rf3 Qc5 38. Rg3 Kg7 39. Rg1 h6 40. Rh1 Rh8 41. Rg1 hxg5 42. hxg5 Rh2+ 43. Ke1 Rxb2 44. Qa4 Qc3+ 45. Kf1 Qc1+ 46.
Qd1 Qxd1# 0-1

[Event "Live Chess"]
[Site "Chess.com"]
[Date "2023.09.16"]
[Round "-"]
[White "xadrecarloso"]
[Black "AnthonyGabriel1"]
[Result "0-1"]
[WhiteElo "957"]
[BlackElo "2182"]
[TimeControl "900+5"]
[EndTime "7:09:19 PDT"]
[Termination "AnthonyGabriel1 venceu por desistência"]

1. d4 c5 2. Nf3 cxd4 3. Nxd4 Nf6 4. Nc3 d5 5. Bf4 Nc6 6. e3 g6 7. g3 Bg7 8. Bg2 O-O 9. Nxc6 bxc6 10. e4 d4 11. Ne2 c5 12. c3 d3 13. Ng1 Bb7 14.
Qf3 Bxe4 0-1

[Event "Live Chess"]
[Site "Chess.com"]
[Date "2023.09.16"]
[Round "-"]
[White "Giulliajapa007"]
[Black "z_anne_ari"]
[Result "1-0"]
[WhiteElo "997"]
[BlackElo "1263"]
[TimeControl "900+5"]
[EndTime "7:09:51 PDT"]
[Termination "Giulliajapa007 venceu por xeque-mate"]

1. e4 d5 2. e5 f6 3. d4 Nc6 4. Nf3 Bg4 5. Be2 Bxf3 6. Bxf3 fxe5 7. dxe5 Nxe5 8. Qe2 Qd6 9. O-O Nxf3+ 10. Qxf3 O-O-O 11. Bf4 e5 12. Bg5 Re8 13. Re1 e4 14. Qh3+ Kb8 15. g3 h6 16. Bf4 Qb4 17. Rd1 Qxb2 18. Rxd5 Qxa1 19. Qd7 Qxb1+ 20. Kg2 Rc8 21. Qd8 Be7 22.
Bxc7+ Ka8 23. Qxc8# 1-0

[Event "Live Chess"]
[Site "Chess.com"]
[Date "2023.09.16"]
[Round "-"]
[White "icarohm"]
[Black "fernanndodod"]
[Result "1-0"]
[WhiteElo "1888"]
[BlackElo "1954"]
[TimeControl "900+5"]
[EndTime "7:10:13 PDT"]
[Termination "icarohm venceu por desistência"]

1. e4 e5 2. Nf3 Nc6 3. Bc4 Bc5 4. d3 Nf6 5. O-O d6 6. h3 Be6 7. Nbd2 Qe7 8. c3 O-O 9. Bxe6 fxe6 10. Nc4 Rad8 11. a4 a5 12. Bd2 d5 13. Ncxe5 Nxe5 14. Nxe5 dxe4 15. d4 Bd6 16. Bf4 Bxe5 17. Bxe5 Nd5 18.
Qe2 Nf4 19. Qxe4 Qg5 20. Bxf4 Qxf4 21. Qxe6+ Kh8 22. Rae1 h6 23. Re3 Rf6 24. Qe7 Rdf8 25. Rf3 Qg5 26. Qxf8+ Rxf8 27. Rxf8+ Kh7 28. Re1 Qd2 29.
Ree8 Qc1+ 30. Kh2 Qxb2 31. Rh8+ Kg6 32. Re3 Qxf2 33. Rhe8 Qf4+ 34. Kg1 b6 35. R8e4 Qf8 36. Rg4+ Kh7 37. Reg3 Qe7 38. Kh2 c6 39. Rg6 b5 40.
axb5 cxb5 41. Rc6 b4 42. cxb4 axb4 43. d5 h5 44. Re6 Qd7 45. Rd3 b3 46. Re2 Qc7+ 47.
d6 Qd7 48. Red2 Qe6 49. d7 Qe5+ 50. g3 h4 51. d8=Q hxg3+ 52. Rxg3 b2 53. Qh4+ Kg8 54. Rd1 Qe2+ 55. Rg2 Qxd1 56. Rxb2 Qd6+ 57. Qg3 Qf6 58. Rb8+ Kh7 59. h4 Qf1 60. Rb2 Qc1 61. Rg2 Qa1 62. h5 Qf6 63. Kh3 Qe6+ 64. Kh4 Qe4+ 65. Qg4 Qe1+ 66. Rg3 Qh1+ 67. Qh3 Qe4+ 68. Rg4 Qe1+ 69. Qg3 Qh1+ 70. Kg5 Qd5+ 71. Kf4 Qd4+ 72. Kf3 Qd3+ 73. Kg2 Qe2+ 74. Kh3 Qf1+ 75. Qg2 Qd3+ 76. Kh2 Qd6+ 77. Kh1 Qd1+ 78. Qg1 Qd5+ 79. Rg2 Qxh5+ 80. Rh2 Qxh2+ 1-0

[Event "Live Chess"]
[Site "Chess.com"]
[Date "2023.09.16"]
[Round "-"]
[White "ravypintodiniz"]
[Black "dani_reitas"]
[Result "1-0"]
[WhiteElo "2029"]
[BlackElo "1012"]
[TimeControl "900+5"]
[EndTime "7:11:22 PDT"]
[Termination "ravypintodiniz venceu por xeque-mate"]

1. e4 e6 2. d4 d5 3. exd5 exd5 4. Bd3 Nf6 5. Nf3 Be7 6. O-O O-O 7. h3 c5 8. c3 Nc6 9. dxc5 Bxc5 10. Bg5 Re8 11.
Qc2 Qd6 12. Bxf6 Qxf6 13. Bxh7+ Kf8 14. Bd3 Ne5 15. Nxe5 Rxe5 16. b4 Bb6 17. Qd2 Bf5 18. Bxf5 Rxf5 19. Na3 a6 20. Nc2 Rd8 21. Ne3 Bxe3 22.
fxe3 Re8 23. Rxf5 Qxf5 24. Rf1 Qe6 25. Rf3 b5 26. Kf2 f6 27. Qd4 Qe4 28. Qxe4 dxe4 29.
Rf4 Kf7 30. Ke2 g5 31. Rf5 Ke6 32. Rc5 Ra8 33. Rc6+ Kd5 34. Rxf6 Kc4 35. Rc6+ Kd5 36. Rc5+ Kd6 37. Rxg5 Rc8 38. Rc5 Rg8 39. g4 Rh8 40.
Rh5 Rc8 41. Kd2 Rf8 42. Rh6+ Kd5 43. Rh5+ Kc4 44. Rc5# 1-0

[Event "Live Chess"]
[Site "Chess.com"]
[Date "2023.09.16"]
[Round "-"]
[White "IanFLS"]
[Black "ABC2009V"]
[Result "1-0"]
[WhiteElo "1875"]
[BlackElo "2011"]
[TimeControl "900+5"]
[EndTime "7:11:58 PDT"]
[Termination "IanFLS venceu por desistência"]

1. d4 Nf6 2. Bf4 g6 3. Nf3 Bg7 4. h3 d6 5. Nc3 O-O 6. e3 Nbd7 7. Bc4 c6 8. O-O Qe8 9. Re1 e5 10. dxe5 dxe5 11. Bh2 Nb6 12. Bb3 Nfd7 13. Ne4 Nf6 14. Nd6 Qe7 15. Nxe5 Be6 16. Bxe6 fxe6 17. Ndc4 Nfd5 18.
c3 Rad8 19. Qe2 Nd7 20. Rad1 N7b6 21. e4 Nf4 22. Bxf4 Rxf4 23. Nxb6 Bxe5 24. Nc4 Bc7 25.
Rxd8+ Qxd8 26. Rd1 Qf8 27. f3 Rh4 28. Rd7 Qf4 29.
Qd2 Qh2+ 30. Kf1 Bg3 31. Qd4 e5 32. Qg1 Rxh3 33. Rd8+ Kg7 34. gxh3 Qc2 35. Qxg3 1-0

[Event "Live Chess"]
[Site "Chess.com"]
[Date "2023.09.16"]
[Round "-"]
[White "Gustavinh13"]
[Black "lucasportolelis"]
[Result "1-0"]
[WhiteElo "1934"]
[BlackElo "1679"]
[TimeControl "900+5"]
[EndTime "7:12:08 PDT"]
[Termination "Gustavinh13 venceu por desistência"]

1. e4 e5 2. Nf3 Nc6 3. d4 exd4 4. Nxd4 Nf6 5. Nc3 Bc5 6. Nxc6 bxc6 7. Bd3 d6 8. O-O O-O 9. h3 Re8 10. Re1 Bb7 11.
Bg5 h6 12. Bh4 Qe7 13. Qf3 Bd4 14. Ne2 Be5 15. Qe3 d5 16. f4 dxe4 17. fxe5 exd3 18.
Qxd3 Qxe5 19. Nc3 Qc5+ 20. Bf2 Qd6 21. Qc4 Qd2 22. Qb3 Ba6 23. Rad1 Rxe1+ 24. Rxe1 Qg5 25. Re7 Nd5 26. Nxd5 cxd5 27. Rxc7 Qc1+ 28. Kh2 Qf4+ 29. Bg3 Qe4 30. Rxa7 Rxa7 31. Qb8+ Kh7 32. Qxa7 Bf1 33.
Qf2 Qe2 34. Qxe2 Bxe2 35. Kg1 g5 36. Bf2 f5 37. Bd4 Kg6 38. c3 g4 39. hxg4 fxg4 40.
g3 Bd3 41. b4 Bb5 42. Kf2 Kf5 43. Ke3 h5 44. Bb6 Ba4 45. Kd4 Ke6 46. Kc5 Ke5 47.
Bd8 Bd7 48. b5 Ke4 49. b6 Bc8 50. Kc6 d4 51. cxd4 Kxd4 52. b7 Bxb7+ 53. Kxb7 Ke3 54. a4 Kf3 55. Bh4 1-0

[Event "Live Chess"]
[Site "Chess.com"]
[Date "2023.09.16"]
[Round "-"]
[White "Abofado"]
[Black "ArthurMPRJ"]
[Result "0-1"]
[WhiteElo "582"]
[BlackElo "1387"]
[TimeControl "900+5"]
[EndTime "7:12:40 PDT"]
[Termination "ArthurMPRJ venceu por xeque-mate"]

1. e4 c5 2. Nf3 e6 3. d4 cxd4 4. Nxd4 Nc6 5. Nxc6 bxc6 6. Qf3 d5 7. exd5 cxd5 8. c4 Nf6 9. cxd5 Nxd5 10. Bb5+ Bd7 11.
Bxd7+ Qxd7 12. O-O Bd6 13. Na3 Bxa3 14. bxa3 O-O 15. Qg3 Rab8 16. Bh6 f6 17. Rac1 Kh8 18. Bf4 Nxf4 19. Qxf4 e5 20. Qg3 Rfd8 21. Rc2 Rb6 22. Rfc1 Qd1+ 23. Rxd1 Rxd1# 0-1